 Dungeon Crawl Stone Soup version 0.18-a0-425-ge088ad1 (webtiles) character file.

10269 George the Spear-Bearer (level 11, -2/86 HPs)
             Began as a Formicid Fighter on Nov 30, 2015.
             Was an Elder of Makhleb.
             Slain by a wolf (5 damage)
             ... on level 1 of the Lair of Beasts on Dec 1, 2015.
             The game lasted 00:33:56 (12121 turns).

George the Spear-Bearer (Formicid Fighter)         Turns: 12121, Time: 00:33:56

Health: -2/86      AC: 17    Str: 23    XL:     11   Next: 89%
Magic:  16/16      EV:  6    Int:  8    God:    Makhleb [****..]
Gold:   528        SH: 18    Dex: 11    Spells: 0 memorised, 10 levels left

rFire  . . .     SeeInvis +     Y - +0 glaive
rCold  . . .     Clarity  .     W - +0 chain mail
rNeg   . . .     SustAt   .     p - +1 large shield
rPois  .         Gourm    +     (helmet unavailable)
rElec  .         Spirit   .     H - +0 cloak
rCorr  .         Dsmss    .     x - +0 pair of gloves
rMut   .         Stasis   +     D - +2 pair of boots
MR     +....                    Z - amulet of the gourmand
Stlth  ..........               E - ring of loudness (curse)
                                v - ring of stealth

@: somewhat resistant to hostile enchantments, extremely unstealthy
A: permanent stasis, dig shafts and tunnels, four strong arms, antennae 3,
hooves 1
a: Dig, Shaft Self, Minor Destruction, Lesser Servant of Makhleb, Major
Destruction, Renounce Religion


You were on level 1 of the Lair of Beasts.
You worshipped Makhleb.
Makhleb was greatly pleased with you.
You were full.

You visited 3 branches of the dungeon, and saw 13 of its levels.
You also visited: Sewer.

You collected 528 gold pieces.

Inventory:

Hand Weapons
 F - a +3 spear of venom
 Y - a +0 glaive (weapon)
Armour
 p - a +1 large shield (worn)
 x - a +0 pair of gloves (worn)
 D - a +2 pair of boots (worn)
 H - a +0 cloak (worn)
 W - a +0 chain mail (worn)
Jewellery
 v - a ring of stealth (left hand)
 B - an uncursed ring of magical power
 E - a cursed ring of loudness (right hand)
 Z - an amulet of the gourmand (around neck)
Wands
 z - a wand of frost (30)
 I - a wand of magic darts (31)
 J - a wand of flame (28)
 U - a wand of paralysis (8)
 X - a wand of teleportation (6)
Scrolls
 w - 4 scrolls of fear
 C - a scroll of enchant weapon
 K - 2 scrolls of magic mapping
 L - 3 scrolls of remove curse
 S - 2 scrolls of enchant armour
Potions
 d - 4 potions of might
 g - 7 potions of heal wounds
 q - 6 potions of curing
 r - 3 potions of agility
 s - 2 potions of brilliance
 M - a potion of mutation
 N - a potion of invisibility
 O - 2 potions of flight {unknown}
 P - a potion of berserk rage {unknown}
 Q - a potion of cancellation {unknown}
 R - a potion of resistance
 V - a potion of magic
Comestibles
 e - 9 bread rations
 i - 4 meat rations
 G - 2 slices of pizza
 T - a beef jerky


   Skills:
 + Level 8.0 Fighting
 + Level 12.1 Polearms
 + Level 8.2 Armour
 + Level 8.4 Shields
 + Level 7.9 Invocations


You had 10 spell levels left.
You didn't know any spells.

Dungeon Overview and Level Annotations

Branches:
Dungeon (11/15)            Temple (1/1) D:5            Lair (1/8) D:10
    Orc (0/4) D:10

Altars:
Ashenzari
Cheibriados
Dithmenos
Elyvilon
Fedhas
Gozag
Kikubaaqudgha
Makhleb
Nemelex Xobeh
Okawaru
Qazlal
Ru
Sif Muna
Trog
Vehumet
Xom
Yredelemnul
Zin
The Shining One

Shops:
D:4 [[:   D:6 ?*   D:7 [

Annotations:
D:9 Maurice


Innate Abilities, Weirdness & Mutations

You are under a permanent stasis effect.
You can dig through walls and to a lower floor.
Your four strong arms can wield two-handed weapons with a shield.
You have a pair of large antennae on your head (SInv).
You have large cloven feet.


Message History

The wolf bites the plant but does no damage.
You block the wolf's attack. x2
The wolf bites the plant.
You closely miss the wolf.
The wolf is severely wounded.
You block the wolf's attack. x2
The wolf bites the plant!
The wolf bites you.
* * * LOW HITPOINT WARNING * * *
The wolf bites you but does no damage.
The wolf bites the plant!
Your chain mail prevents you from hitting the wolf.
The wolf is severely wounded.
The wolf bites you but does no damage. x2
The wolf bites the plant.
You block the wolf's attack. You block the wolf's attack.
The wolf bites the plant but does no damage.
Your chain mail prevents you from hitting the wolf.
The wolf is severely wounded.
You block the wolf's attack. x2
The wolf bites the plant.
The wolf bites you.
You die...

......................
..........%...........
......................
.........<............
.........?..........PP
...................P.P
#####PPh##.##.#####.P
##hh#### ## ##@# ###


You could see 3 wolves.

Vanquished Creatures
  Erolcha (D:9)
  The ghost of nublet the Grappler, a novice TrCK of Xom (D:8)
  Nergalle (D:10)
  Pikel (D:5)
  Psyche (D:8)
  A troll (D:9)
  A two-headed ogre (D:9)
  Sigmund (D:4)
  A spriggan (D:9)
  2 wyverns
  A basilisk (D:10)
  A hungry ghost (D:9)
  5 wolves (Lair:1)
  6 centaurs
  A water moccasin (D:10)
  3 porcupines (D:10)
  2 slaves (D:5)
  A sky beast (D:11)
  2 phantoms
  2 eyes of draining
  A black bear (D:10)
  2 ice beasts
  A wasp (D:7)
  4 ogres
  2 big kobolds
  A gnoll sergeant (D:10)
  3 giant frogs
  3 scorpions
  11 killer bees
  9 wights
  3 centaur zombies
  9 crimson imps
  2 centaur skeletons (D:11)
  2 giant frog zombies
  4 orc wizards
  A quasit (D:6)
  A gnoll shaman (D:7)
  7 hounds
  2 jellies
  2 giant frog skeletons
  3 iguanas
  2 orc priests
  9 worker ants
  A killer bee zombie (D:8)
  6 sheep (D:10)
  3 hound skeletons
  A hound zombie (D:7)
  17 gnolls
  4 adders
  3 river rats (D:10)
  3 shadow imps
  An ooze (D:4)
  3 worms
  3 giant geckos
  25 orcs
  4 ball pythons
  8 bats
  7 giant cockroaches
  8 goblins
  5 hobgoblins
  19 jackals
  10 quokkas
  A giant gecko skeleton (D:8)
  4 giant newts
  A jackal skeleton (D:4)
  19 kobolds
  8 rats
283 creatures vanquished.

Vanquished Creatures (collateral kills)
  A giant frog (D:7)
1 creature vanquished.

Vanquished Creatures (others)
  2 slaves (D:5)
  An orc (D:9)
  A giant cockroach (D:1)
  A fungus (D:10)
  5 plants
10 creatures vanquished.

Grand Total: 294 creatures vanquished

Notes
Turn   | Place    | Note
--------------------------------------------------------------
     0 | D:1      | George the Formicid Fighter began the quest for the Orb.
     0 | D:1      | Reached XP level 1. HP: 18/18 MP: 1/1
   118 | D:1      | Reached XP level 2. HP: 14/24 MP: 2/2
   306 | D:1      | Reached XP level 3. HP: 29/29 MP: 3/3
   757 | D:2      | Found a faded altar to an unknown god.
   970 | D:2      | Found an ancient bone altar of Kikubaaqudgha.
  1110 | D:2      | Reached skill level 4 in Polearms
  1110 | D:2      | Reached XP level 4. HP: 31/35 MP: 4/4
  1415 | D:3      | Found a glowing drain.
  1422 | Sewer    | Entered a sewer
  1671 | Sewer    | Noticed a big kobold
  1693 | Sewer    | Killed a big kobold
  1693 | Sewer    | Reached skill level 5 in Polearms
  1693 | Sewer    | Reached XP level 5. HP: 12/41 MP: 5/5
  2419 | D:3      | Gained mutation: You have large cloven feet. [potion of beneficial mutation]
  2586 | D:4      | Reached XP level 6. HP: 41/47 MP: 6/6
  2593 | D:4      | Reached skill level 6 in Polearms
  2627 | D:4      | Found Suighihi's Antique Armour Boutique.
  2661 | D:4      | Found Numaki's Book Shoppe.
  2709 | D:4      | Reached skill level 7 in Polearms
  2709 | D:4      | Reached XP level 7. HP: 30/52 MP: 7/7
  2884 | D:4      | Found Gysuw's Antique Armour Shop.
  2895 | D:4      | Found Picosuip's Antique Armour Boutique.
  2895 | D:4      | Noticed Sigmund
  2909 | D:4      | Killed Sigmund
  2974 | D:4      | Reached skill level 8 in Polearms
  3270 | D:5      | Entered Level 5 of the Dungeon
  3300 | D:5      | Reached XP level 8. HP: 40/58 MP: 8/8
  3479 | D:5      | Noticed Pikel
  3510 | D:5      | Killed Pikel
  3510 | D:5      | Reached skill level 10 in Polearms
  3719 | D:5      | Found a staircase to the Ecumenical Temple.
  3730 | Temple   | Entered the Ecumenical Temple
  4028 | Temple   | Became a worshipper of Makhleb the Destroyer
  4103 | D:5      | Reached XP level 9. HP: 62/64 MP: 9/9
  4327 | D:5      | Reached skill level 1 in Invocations
  4470 | D:6      | Reached * piety under Makhleb
  4495 | D:6      | Found Qastov's Magic Scroll Emporium.
  4681 | D:6      | Found Favo's Assorted Antiques.
  4939 | D:7      | Found a shattered altar of Ashenzari.
  5396 | D:7      | Found an iron altar of Okawaru.
  5508 | D:7      | Reached skill level 5 in Shields
  5976 | D:7      | Reached skill level 5 in Armour
  6032 | D:7      | Reached skill level 5 in Fighting
  6104 | D:7      | Reached XP level 10. HP: 74/74 MP: 13/13
  6122 | D:7      | Found Nemupu Kewyi's Antique Armour Shoppe.
  6184 | D:7      | Reached skill level 11 in Polearms
  6333 | D:7      | Found an opulent altar of Gozag.
  6378 | D:7      | Reached ** piety under Makhleb
  6484 | D:8      | Found a deep blue altar of Sif Muna.
  6621 | D:8      | Noticed Psyche
  6632 | D:8      | Killed Psyche
  6632 | D:8      | Reached skill level 5 in Invocations
  6793 | D:8      | Found a radiant altar of Vehumet.
  6795 | D:8      | Found a glowing silver altar of Zin.
  6796 | D:8      | Noticed nublet's ghost (novice TrCK)
  8350 | D:8      | Killed nublet's ghost
  8874 | D:9      | Reached *** piety under Makhleb
  9000 | D:9      | Noticed Erolcha
  9140 | D:9      | Found a shadowy altar of Dithmenos.
  9273 | D:9      | Killed Erolcha
  9273 | D:9      | Reached XP level 11. HP: 71/84 MP: 15/15
  9514 | D:9      | Noticed Maurice
  9953 | D:10     | Entered Level 10 of the Dungeon
 10038 | D:10     | Noticed Nergalle
 10067 | D:10     | Killed Nergalle
 10291 | D:10     | Reached **** piety under Makhleb
 10480 | D:10     | Found a staircase to the Lair.
 10507 | D:10     | Found a staircase to the Orcish Mines.
 10526 | D:10     | Found an iron altar of Okawaru.
 10624 | D:10     | Reached skill level 12 in Polearms
 12067 | Lair:1   | Entered Level 1 of the Lair of Beasts
 12119 | Lair:1   | HP: 3/86 [wolf (4)]
 12121 | Lair:1   | Slain by a wolf

Vault maps used:
D:1:      sevenhm_arrival_forest_fort_large_2, lemuel_old_faithful
D:2:      kiku_gazebo_garden_becter, ecumenical_altar_1
D:3:      lightli_sewer_entry_pipes, hangedman_abyss_or_decor_stabs
D:4:      serial_shops, shop, shop, shop, shop, uniq_sigmund
D:5:      minmay_temple_entry_purple_smoke, first_bread, uniq_pikel
D:6:      serial_shops, shop, shop
D:7:      evilmike_ruin_ashenzari, kennysheep_little_box, basic_altar,
          serial_shops, kennysheep_mini_moat
D:8:      grunt_temple_overflow_open, basic_altar, uniq_psyche
D:9:      the_bakery, grunt_dithmenos_smoke_and_mirrors, uniq_erolcha,
          uniq_maurice
D:10:     minmay_lair_entry_grove, basic_altar, columned_hall_lemuel,
          uniq_nergalle
Temple:   hc_temple_tempest_star
Lair:1:   serial_forest, infiniplex_forest_clump_tiny,
          infiniplex_forest_zigzag_2, infiniplex_forest_fountain,
          infiniplex_forest_end_double, infiniplex_forest_clump_curved,
          infiniplex_forest_lined_corner, st_stairs_8, minivault_23
Sewer:    kennysheep_pipe_town

Action                   |  1- 3 |  4- 6 |  7- 9 | 10-12 || total
-------------------------+-------+-------+-------+-------++-------
Melee: Trident           |   108 |   182 |   498 |   186 ||   974
       Halberd           |       |       |       |   251 ||   251
       Glaive            |       |       |       |   285 ||   285
Invok: Minor Destruction |       |       |       |     1 ||     1
 Abil: Dig               |       |       |       |     4 ||     4
  Use: Scroll            |       |    15 |     6 |     2 ||    23
       Potion            |       |     1 |     1 |       ||     2
  Eat: Chunk             |     1 |     5 |    15 |    34 ||    55
